cohdb
Replays
Latest Replays
All Replays
Popular Replays
Top Player Replays
Match Explorer
How It Works
Community
CoH3 Stats
Reddit
Sign in to upload your games and track your stats! →
Sign in with Steam
Match 37902352
Unlisted
Match 37902352
Overview
Messages
Build Orders
End
Selects Italian Combined Arms Battlegroup
Selects Bersaglieri Squad
Bersaglieri Squad
Kradschützen Motorcycle Team
Bersaglieri Squad
Construct Light Support Kompanie
Bersaglieri Squad
Bersaglieri Squad
Selects Bersaglieri Bolster
Fire Support Elements
Selects Breda Model 30 Light Machine Guns
Pak 38 Anti-tank Gun Team
Flakvierling Half-track
Selects Semovente da 75/18 Assault Gun
kilroy3128
prasa
STALKER4732
kit.ohume
0
0
Comments
sign in to comment!
No comments posted yet!